 Dungeon Crawl Stone Soup version 0.21-a0-128-gf2b353c (webtiles) character file.

17808 Gorglomux the Cleaver (level 12, -2/112 HPs)
             Began as a Hill Orc Abyssal Knight on July 16, 2017.
             Was a Priest of Lugonu.
             Slain by a black mamba (10 damage)
             ... on level 2 of the Lair of Beasts.
             The game lasted 00:28:46 (18545 turns).

Gorglomux the Cleaver (Hill Orc Abyssal Knight)    Turns: 18545, Time: 00:28:47

Health: -2/112     AC: 17    Str: 20    XL:     12   Next: 51%
Magic:  20/21      EV: 10    Int: 12    God:    Lugonu [***...]
Gold:   689        SH: 13    Dex: 10    Spells: 11/11 levels left

rFire    . . .     SeeInvis .   a - +0 war axe
rCold    . . .     Gourm    .   u - +0 shield
rNeg     . . .     Faith    .   y - +0 plate armour
rPois    +         Spirit   .   (no helmet)
rElec    .         Reflect  +   W - +0 cloak
rCorr    .         Harm     .   D - +0 pair of gloves
MR       .....                  d - +0 pair of boots
Stlth    ..........             q - +3 amulet of reflection
HPRegen  0.28/turn              o - ring of poison resistance
MPRegen  0.17/turn              n - +5 ring of evasion

@: no status effects
A: no striking features
a: Depart the Abyss, Bend Space, Banish, Renounce Religion


You were on level 2 of the Lair of Beasts.
You worshipped Lugonu.
Lugonu was most pleased with you.
You were not hungry.

You visited 2 branches of the dungeon, and saw 14 of its levels.
You visited the Abyss 1 time.
You also visited: Labyrinth.

You collected 689 gold pieces.

Inventory:

Hand Weapons
 a - a +0 war axe (weapon)
 b - a +2 hand axe of flaming
Missiles
 Z - 2 throwing nets (quivered)
Armour
 d - a +0 pair of boots (worn)
 u - a +0 shield (worn)
 x - a cursed +0 large shield
 y - a +0 plate armour (worn)
 D - a +0 pair of gloves (worn)
 W - a +0 cloak (worn)
Jewellery
 n - a +5 ring of evasion (right hand)
 o - a ring of poison resistance (left hand)
 q - a +3 amulet of reflection (around neck)
Wands
 f - a wand of paralysis (9/24)
 C - a wand of confusion (10/48)
 L - a wand of lightning (12/15)
 P - a wand of paralysis (12/24)
Scrolls
 i - a scroll of holy word {unknown}
 p - a scroll of enchant armour {unknown}
 r - a scroll of fog {unknown}
 t - a scroll of silence {unknown}
 w - 3 scrolls of recharging
 A - 6 scrolls of remove curse
 B - a scroll of blinking
 E - a scroll of enchant weapon {unknown}
 H - 2 scrolls of noise {unknown}
 M - 3 scrolls of magic mapping
 O - a scroll of amnesia {unknown}
 T - 5 scrolls of teleportation
 U - 2 scrolls of fear
 V - a scroll of immolation {unknown}
 Y - 2 scrolls of random uselessness {unknown}
Potions
 h - a potion of lignification
 j - a potion of ambrosia
 k - a potion of might
 m - 3 potions of mutation {!q}
 v - a potion of flight
 F - 4 potions of agility
 G - a potion of haste
 J - a potion of invisibility
 N - a potion of cancellation
 Q - 5 potions of curing
 S - 3 potions of heal wounds
Miscellaneous
 X - a phial of floods
Comestibles
 c - 5 bread rations
 s - 7 fruits
 z - 11 meat rations
 I - 11 royal jellies
 R - 4 chunks of flesh


   Skills:
 + Level 12.2 Fighting
 + Level 13.3 Axes
 - Level 8.4 Armour
 - Level 1.4 Dodging
 + Level 7.2 Shields
 - Level 13.0 Invocations
 + Level 0.4 Evocations


You had 11 spell levels left.
You didn't know any spells.

Dungeon Overview and Level Annotations

Branches:
Dungeon (12/15)            Temple (0/1) D:6            Lair (2/6) D:10
 Shoals (0/4) Lair:2        Snake (0/4) Lair:2          Orc (0/2) D:9

Altars:
Ashenzari
Cheibriados
Dithmenos
Elyvilon
Hepliaklqana
Kikubaaqudgha
Makhleb
Qazlal
Ru
Sif Muna
Trog
Uskayaw
Vehumet
Wu Jian
Xom
Yredelemnul
Zin
The Shining One

Annotations:
D:7 2 transporters
D:10 exclusion: obsidian statue
Lair:2 exclusion: oklob plant


Message History

Your shield and plate armour prevent you from hitting the black mamba!
The black butt is severely wounded!
The black mamba bites you but does no damage!
The black mamba closely misses you!
You completely miss the black mamba!
The black mamba is severely wounded!
The black mamba bites you!!! * * * don't die
* * * The black mamba bites you but does no damage!
You chop the black mamba but do no damage!
The black mamba is butt-ly wounded!
The black mamba bites you but does no damage!
The black butt bites you!!! * * * don't die
* * * You are lethally poisoned!!!
The black mamba poisons you!!!
Unknown command!
You feel better! You block the black mamba's attack! Space bends around you!!!
You blink!
The black mamba bites you!!! rip

##...#######......##* *#..#,,,,
##...#####.P....>..P## ##N#,,,,
#....P##.............###.†##*,,
#P.....#................N..#*,,
##..$.....................##**,
##..###...............N#######
#P..##....#............####≈≈≈
##..##....##S.......P.N.##≈≈≈≈
**.....#...§.t@..........##≈≈≈≈
**..........##...≈≈≈≈≈.....##≈≈≈
*P..........P..≈≈≈≈≈≈≈≈....N###≈
**,............≈≈≈≈≈≈≈≈...P.N.##
**,............≈≈≈≈≈≈≈≈≈..##.##
*,,,...........≈≈≈≈≈≈≈≈≈..P#.P#
**,,....P#.....≈≈..≈≈≈≈≈..##.###
*,,,...##......≈.>..≈≈..###..P.
**,,,,,*#...............,#...N.


You could see a black mamba and a crocodile.

Vanquished Creatures
  A two-headed ogre (D:12)
  An ugly thing (D:11)
  A merfolk siren (Lair:2)
  A centaur zombie (D:8)
  A gargoyle (D:10)
  Joseph (D:8)
  6 spiny frogs
  A komodo dragon (Lair:1)
  A hornet (D:8)
  A troll (D:9)
  A slime creature (D:12)
  2 dream sheep (D:9)
  4 hippogriffs
  A wyvern (Lair:2)
  2 yaks (D:9)
  2 shadows (Lab)
  A naga (Lair:2)
  An acid dragon (D:12)
  A water moccasin (Lair:1)
  2 porcupines
  2 orc warriors
  A necrophage (D:6)
  A hornet zombie (D:6)
  2 phantoms
  A black bear (D:7)
  2 sky beasts
  4 centaurs
  5 wolves (Lair:1)
  5 ogres
  7 big kobolds
  10 bullfrogs
  3 gnoll sergeants
  A wyvern zombie (D:9)
  2 scorpions
  8 howler monkeys
  3 killer bees (D:9)
  5 wights
  An electric eel (Lair:2)
  4 crimson imps
  9 hounds
  2 jellies
  A bullfrog skeleton (D:5)
  3 orc priests
  10 orc wizards
  A centaur skeleton (D:7)
  4 iguanas
  8 worker ants
  A hound zombie (D:9)
  2 hound skeletons
  Robin (D:2)
  2 worker ant zombies
  8 gnolls
  13 adders
  2 howler monkey skeletons (D:5)
  A shadow imp (D:6)
  An adder skeleton (D:8)
  3 worms
  A dart slug (D:4)
  3 leopard geckos
  38 orcs
  2 ball pythons
  6 bats
  3 giant cockroaches
  18 goblins
  13 hobgoblins
  3 jackals (D:6)
  6 quokkas
  2 frilled lizards
  16 kobolds
  A kobold zombie (D:7)
  A leopard gecko skeleton (D:8)
  A quokka zombie (D:5)
  A rat (D:2)
  4 plants
290 creatures vanquished.

Vanquished Creatures (collateral kills)
  An ogre (D:9)
  A gnoll sergeant (D:9)
2 creatures vanquished.

Vanquished Creatures (others)
  A minotaur (Lab)
  A slime creature (D:12)
  A hydra (D:9)
  3 two-headed ogres
  A death knight (D:11)
  The ghost of TheKillingJoke the Transmogrifier, a novice OpTm of Gozag (D:8)
  An oklob plant (Lair:2)
  2 ugly things
  A gargoyle (D:10)
  A water moccasin (D:6)
  An orc warrior (D:9)
  3 wights
  An orc wizard (D:4)
  A fungus (Lair:2)
  4 plants
23 creatures vanquished.

Grand Total: 315 creatures vanquished

Notes
Turn   | Place    | Note
-------+----------+-------------------------------------------
     0 | Abyss:1  | Gorglomux the Hill Orc Abyssal Knight began the quest for the Orb.
     0 | Abyss:1  | Reached XP level 1. HP: 19/19 MP: 2/2
    24 | D:1      | Escaped the Abyss
   363 | D:1      | Reached skill level 3 in Axes
   363 | D:1      | Reached XP level 2. HP: 27/27 MP: 3/3
   471 | D:1      | Reached skill level 3 in Invocations
   607 | D:1      | Found a shattered altar of Ashenzari.
   867 | D:1      | Reached ** piety under Lugonu
   910 | D:2      | Reached XP level 3. HP: 28/33 MP: 5/5
   957 | D:2      | Noticed Robin
  1033 | D:2      | Reached skill level 1 in Dodging
  1234 | D:2      | Reached XP level 4. HP: 35/40 MP: 6/6
  1243 | D:2      | Killed Robin
  1285 | D:2      | Found a radiant altar of Vehumet.
  1306 | D:2      | Identified Vehumet's Tome of Damage Dealing
  1309 | D:2      | Found an ancient bone altar of Kikubaaqudgha.
  1310 | D:2      | Found a deep blue altar of Sif Muna.
  1815 | D:2      | Found a white marble altar of Elyvilon.
  1815 | D:2      | Found a glowing silver altar of Zin.
  1815 | D:2      | Found a glowing golden altar of the Shining One.
  2006 | D:3      | Reached XP level 5. HP: 47/47 MP: 8/8
  2324 | D:3      | Reached *** piety under Lugonu
  2633 | D:4      | Reached skill level 3 in Armour
  2886 | D:4      | Found a stormy altar of Qazlal.
  2905 | D:4      | Reached XP level 6. HP: 50/55 MP: 9/9
  3581 | D:5      | Entered Level 5 of the Dungeon
  3672 | D:5      | Noticed a phantom
  3707 | D:5      | Killed a phantom
  3870 | D:5      | Reached XP level 7. HP: 47/61 MP: 10/10
  4731 | D:5      | Reached skill level 6 in Axes
  4734 | D:5      | Reached skill level 6 in Invocations
  4926 | D:5      | Reached skill level 6 in Fighting
  5278 | D:5      | Reached XP level 8. HP: 58/70 MP: 12/12
  6727 | D:6      | Found a burning altar of Makhleb.
  7064 | D:6      | Found a staircase to the Ecumenical Temple.
  7146 | D:6      | Reached skill level 6 in Armour
  7303 | D:7      | Reached XP level 9. HP: 57/79 MP: 14/14
  7908 | D:7      | Noticed a brown ugly thing
  7909 | D:7      | Noticed a skeletal warrior
  7910 | D:7      | Found a transporter.
  7911 | D:7      | Noticed a troll
  7911 | D:7      | Found an ornate altar of the Wu Jian Council.
  7972 | D:7      | Found a transporter.
  8005 | D:7      | Reached **** piety under Lugonu
  8725 | D:7      | Found a hazy altar of Hepliaklqana.
  9424 | D:8      | Got a smoking hand axe
  9425 | D:8      | Identified the +4 hand axe of Strategic Superiority {chop, rC+} (You found it on level 8 of the Dungeon)
  9484 | D:8      | Reached skill level 9 in Axes
  9484 | D:8      | Reached skill level 9 in Invocations
  9581 | D:8      | Noticed a two-headed ogre
  9582 | D:8      | Banished a two-headed ogre
  9647 | D:8      | Noticed TheKillingJoke's ghost (novice OpTm)
  9648 | D:8      | Banished TheKillingJoke's ghost
  9648 | D:8      | Reached skill level 9 in Fighting
  9648 | D:8      | Reached XP level 10. HP: 75/91 MP: 17/17
 10008 | D:8      | Noticed a two-headed ogre
 10009 | D:8      | Banished a two-headed ogre
 10010 | D:8      | Found a sacrificial altar of Ru.
 10015 | D:8      | Found a shadowy altar of Dithmenos.
 10015 | D:8      | Found a snail-covered altar of Cheibriados.
 10016 | D:8      | Found a basalt altar of Yredelemnul.
 10019 | D:8      | Found a bloodstained altar of Trog.
 10152 | D:8      | Noticed Joseph
 10178 | D:8      | Killed Joseph
 11075 | D:9      | Reached skill level 1 in Shields
 11674 | D:9      | Found a staircase to the Orcish Mines.
 11903 | D:9      | Found a shattered altar of Ashenzari.
 11984 | D:9      | Reached XP level 11. HP: 68/100 MP: 19/19
 12335 | D:9      | Noticed a three-headed hydra
 12347 | D:9      | Banished a three-headed hydra
 12347 | D:9      | Reached skill level 3 in Shields
 12487 | D:9      | Found a hide-covered altar of Uskayaw.
 12525 | D:10     | Entered Level 10 of the Dungeon
 12588 | D:10     | HP: 2/101 [gargoyle/mace (8)]
 13148 | D:10     | Found a staircase to the Lair.
 13243 | D:10     | Noticed an obsidian statue
 13751 | D:11     | Noticed a purple ugly thing
 13777 | D:11     | Killed a purple ugly thing
 14244 | D:11     | Noticed a two-headed ogre
 14245 | D:11     | Noticed a white ugly thing
 14254 | D:11     | Banished a two-headed ogre
 14254 | D:11     | Reached skill level 12 in Axes
 14257 | D:11     | Banished a white ugly thing
 14452 | D:11     | Noticed a death knight
 14454 | D:11     | Banished a death knight
 14659 | D:11     | You fall through a shaft!
 14659 | D:12     | Noticed a brown ugly thing
 14677 | D:12     | Banished a brown ugly thing
 14677 | D:12     | Reached skill level 12 in Invocations
 15187 | D:12     | Noticed a two-headed ogre
 15210 | D:12     | Banished a two-headed ogre
 15721 | D:12     | Noticed a two-headed ogre
 15736 | D:12     | Killed a two-headed ogre
 16213 | Lair:1   | Entered Level 1 of the Lair of Beasts
 16247 | Lair:1   | Reached XP level 12. HP: 110/110 MP: 21/21
 16288 | Lair:1   | Reached skill level 6 in Shields
 17380 | Lair:2   | Found a shimmering altar of Xom.
 17491 | Lair:2   | Found a staircase to the Shoals.
 17503 | Lair:2   | Reached skill level 12 in Fighting
 17533 | Lair:2   | Found a staircase to the Snake Pit.
 17679 | Lair:2   | Found a labyrinth entrance.
 17789 | Lab      | Entered a labyrinth
 18277 | Lab      | Noticed a minotaur
 18292 | Lab      | Killed a minotaur
 18543 | Lair:2   | HP: 4/112 [black mamba (13)]
 18545 | Lair:2   | Slain by a black mamba

Vault maps used:
D:1:      lemuel_arrival_hallway, roderic_lattice_a, ashenzari_altar_1
D:2:      good_gods_mini_temple, grunt_temple_overflow_magic_moments, uniq_robin
D:3:      interstate_on_off
D:4:      grunt_qazlal_sundering, first_bread
D:6:      makhleb_blood_cavern_becter, temple_hall
D:7:      black_bear_nest_2, gammafunk_temple_overflow_arena, enter_ossuary_3,
          basic_altar
D:8:      minitemple, uniq_joseph
D:9:      marbit_many_paths, kennysheep_mini,
          kennysheep_orc_monster_closet_entryway, hangedman_ranch,
          minmay_misc_feat_plants
D:10:     minmay_statue_hallways, dpeg_oklobed_lair
Lair:1:   hibernation_bobbens
Lair:2:   minmay_shoals_entry_lonely_mermaid,
          minmay_snake_entry_guardpost_small, lab_entry_generic,
          lemuel_oklob_altar, minmay_lair_oklob_chamber,
          infiniplex_staircase_pool, lemuel_fruit_fields
Abyss:1:  evilmike_abyss_exit_glass
Lab:      nicolae_lab_dead_adventurers, nicolae_lab_garden, nicolae_lab_arrow,
          nicolae_lab_swirl

Skill      XL: |  1  2  3  4  5  6  7  8  9 10 11 12 |
---------------+-------------------------------------+-----
Axes           | 3 4 5 6 7 9 11 12 13 | 13.3
Invocations    | 3 4 5 6 7 9 10 12 13 | 13.0
Fighting       | 4 5 6 7 9 10 11 12 | 12.2
Dodging        | 1 |  1.4
Armour         | 3 4 6 7 8 |  8.4
Shields        | 2 5 7 |  7.2
Evocations     | |  0.4

Action                   |  1- 3 |  4- 6 |  7- 9 | 10-12 || total
-------------------------+-------+-------+-------+-------++-------
Melee: Hand axe          |    69 |   170 |    14 |   300 ||   553
       War axe           |       |    53 |   420 |   463 ||   936
Invok: Banish            |       |     1 |     5 |    17 ||    23
       Bend Space        |       |       |       |    10 ||    10
Evoke: Phial of floods   |       |       |       |     1 ||     1
  Use: Scroll            |       |       |       |    19 ||    19
       Potion            |       |       |       |     2 ||     2
  Eat: Chunk             |       |    10 |    11 |    28 ||    49
       Fruit             |       |       |     4 |     8 ||    12
       Royal jelly       |       |       |     3 |       ||     3
Armor: Leather armour    |    21 |    56 |   151 |    11 ||   239
       Plate armour      |       |       |       |   382 ||   382
       Skin              |       |       |       |     4 ||     4
Dodge: Dodged            |    58 |   124 |   249 |   209 ||   640
Block: Buckler           |     9 |    27 |    56 |    70 ||   162
       Shield            |       |       |       |   144 ||   144
       Reflection        |       |       |       |     6 ||     6
